 Dungeon Crawl Stone Soup version 0.29-a0-322-g68df515428 (webtiles) character file.

Game seed: 6070850322327863532

49 kae the Firebug (level 3, -2/30 HPs)
             Began as a Tengu Fire Elementalist on Apr 8, 2022.
             Slain by a black bear (3 damage)
             ... on level 4 of the Dungeon.
             The game lasted 00:00:56 (1851 turns).

kae the Firebug (Tengu Fire Elementalist)           Turns: 1851, Time: 00:00:56

Health: -2/30      AC: 21    Str:  8    XL:     3   Next: 77%
Magic:  0/7        EV:  2    Int: 17    God:
Gold:   124        SH:  0    Dex: 14    Spells: 3/6 levels left

rFire   . . .      SeeInvis .   (no weapon)
rCold   . . .      Faith    .   (no shield)
rNeg    . . .      Spirit   .   (body armour currently unavailable)
rPois   +          Reflect  .   (helmet currently unavailable)
rElec   .          Harm     .   (cloak currently unavailable)
rCorr   .          Rampage  .   (gloves currently unavailable)
Will    .....      NoTele   +   (boots unavailable)
Stlth   ++........              (no amulet)
HPRegen 0.10/turn               (no ring)
MPRegen 0.10/turn               (no ring)

@: tree-form
A: stationary, stasis, torment immunity, boosted hp, (beak), (talons 3)
a: no special abilities


You were on level 4 of the Dungeon.
You were a tree.
You visited 1 branch of the dungeon, and saw 3 of its levels.

You collected 124 gold pieces.

Inventory:

Armour
 a - a +0 robe (melded)
 h - a +1 pair of gloves (melded)
Potions
 b - a potion of magic
 e - a potion of degeneration {unknown}
 f - 2 potions of mutation {unknown}
 i - 2 potions of curing {unknown}


   Skills:
 + Level 0.9 Fighting
 + Level 1.2 Armour
 + Level 2.6 Dodging
 - Level 2.0 Stealth
 + Level 2.3 Spellcasting
 + Level 2.1 Conjurations
 + Level 3.7 Fire Magic


You had 3 spell levels left.
You knew the following spells:

 Your Spells              Type           Power      Damage    Failure   Level
a - Foxfire               Conj/Fire      48%        2x1d6     5%          1
b - Scorch                Fire           28%        2d6       6%          2

Your spell library contained the following spells:

 Spells                   Type           Power      Damage    Failure   Level
 Conjure Flame            Conj/Fire      12%        6-21      17%         3
 Inner Flame              Hex/Fire       8%         N/A       26%         3
 Flame Wave               Conj/Fire      12%        2d6       50%         4


Dungeon Overview and Level Annotations

Branches:
Dungeon (2/15)

Altars:


Innate Abilities, Weirdness & Mutations

You are a tree.
Your roots penetrate the ground, keeping you stationary.
You cannot be teleported.
You are immune to unholy pain and torment.
Your maximum health is greatly increased.
Your equipment is partially melded.
((You have a beak for a mouth.))
((You have claws for feet.))


Message History

Confirm with . or Enter, or press ? or * to list all spells.
You conjure some foxfire!
The foxfire hits the black bear.
The black bear is moderately wounded.
The foxfire hits the black bear.
The black bear is heavily wounded.
Casting: Foxfire (safe; 5% risk of failure)
Confirm with . or Enter, or press ? or * to list all spells.
Flames lash the black bear.
The black bear is severely wounded.
The black bear's fire resistance burns away.
The black bear barely misses you. The black bear closely misses you.
The black bear barely misses you.
A goblin comes into view. It is wielding a +0 club.
The black bear closely misses you. The black bear claws you. x2
The goblin throws a stone.
The stone closely misses you.
Casting: Scorch (safe; 6% risk of failure)
Confirm with . or Enter, or press ? or * to list all spells.
You don't have enough magic to cast this spell.
Casting: Scorch (safe; 6% risk of failure)
Confirm with . or Enter, or press ? or * to list all spells.
You conjure some foxfire!
The black bear bites you. The black bear claws you.
The black bear claws you but does no damage.
The foxfire hits the black bear.
The black bear is burned terribly!
The black bear is severely wounded.
The foxfire hits the black bear.
The black bear is burned terribly!
The black bear is almost dead.
The black bear bites you.
* * * LOW HITPOINT WARNING * * *
The black bear claws you.
* * * LOW HITPOINT WARNING * * *
The black bear closely misses you.
Really quaff the potion of lignification?
You turn into a tree.
Your +1 pair of gloves melds into your body.
Your +0 robe melds into your body.
Your roots penetrate the ground.
The black bear bites you but does no damage.
The black bear claws you but does no damage.
The black bear claws you.
You die...

......####..#.......#
...... #..+........
.... ##.#.......# .
#.........# ..
##........# ..g###
#...#####
###...###..#####
.................
......h♣.........
..........>......
...............).
....?............
.................
..#.............# .
#.............
#............


You could see a black bear (combustible) and a goblin.

Vanquished Creatures
  An adder (D:2)
  3 dart slugs
  A bat (D:1)
  4 endoplasms
  A giant cockroach (D:1)
  3 goblins
  2 hobgoblins (D:1)
  4 quokkas (D:1)
  6 ball pythons
  3 frilled lizards
  4 kobolds
  A rat (D:1)
33 creatures vanquished.

Vanquished Creatures (others)
  58 foxfires
58 creatures vanquished.

Grand Total: 91 creatures vanquished

Notes
Turn   | Place    | Note
-------+----------+-------------------------------------------
     0 | D:1      | kae the Tengu Fire Elementalist began the quest for the
                  | Orb.
     0 | D:1      | Reached XP level 1. HP: 10/10 MP: 4/4
   209 | D:1      | Reached XP level 2. HP: 15/15 MP: 1/6
   351 | D:1      | Learned a level 2 spell: Scorch
   582 | D:1      | Found a faded altar of an unknown god.
   851 | D:1      | Reached XP level 3. HP: 16/20 MP: 1/7
  1077 | D:1      | Reached skill level 1 in Armour
  1644 | D:2      | You fall into a shaft and drop 2 floors!
  1840 | D:4      | Noticed a black bear
  1850 | D:4      | HP: 1/20 [black bear (2)]
  1851 | D:4      | Slain by a black bear

Illustrated notes

Levels and vault maps discovered:
D:1:      dpeg_cavernosity, layout_basic,
          hellmonk_ecumenical_altar_leap_of_faith
D:2:      layout_basic, serial_shops, nicolae_shop_trees, uniq_terence
D:4:      layout_basic, minmay_temple_entry_junction

Skill      XL: |  1  2  3 |
---------------+----------+-----
Armour         | 1 |  1.2
Conjurations   | 2 |  2.1
Fighting       | |  0.9
Dodging        | |  2.6
Stealth        | |  2.0
Spellcasting   | |  2.3
Fire Magic     | |  3.7

Action                   || total
-------------------------++-------
Melee: Unarmed           ||    23
       Peck              ||     5
       Kick              ||     5
       Punch             ||     1
 Cast: Foxfire           ||    35
       Scorch            ||    15
  Use: Potion            ||     2
       Scroll            ||     4
Armor: Skin              ||    14
       Robe              ||    12
Dodge: Dodged            ||    34

Table legend: (Time is in decaauts)
 A = Elapsed time spent in this place.
 B = Non-inter-level travel time spent in this place.
 C = Inter-level travel time spent in this place.
 D = Time resting spent in this place.
 E = Time spent auto-exploring this place.
 F = Levels seen in this place.
 G = Mean time per level.
                   A        B        C        D        E       F      G
               +--------+--------+--------+--------+--------+-----+--------+
         Total |   1851 |   1822 |     29 |      0 |   1596 |   3 |  617.0 |
       Dungeon |   1851 |   1822 |     29 |      0 |   1596 |   3 |  617.0 |
               +--------+--------+--------+--------+--------+-----+--------+

Top non-repeatable levels by time:
     D:1: 1269 daAuts
     D:2: 374 daAuts
     D:4: 206 daAuts
